 Dungeon Crawl Stone Soup version 0.32-a0-799-g95e1662 (webtiles) character file.

Game seed: 17937044623182138846

8001 Orctaku the Grappler (level 11, -6/108 HPs)
             Began as an Octopode Berserker on Mar 21, 2024.
             Was an Elder of Trog.
             Killed from afar by a larval shocksting beast (14 damage)
             ... with a living lightning
             ... on level 10 of the Dungeon.
             The game lasted 00:13:55 (9041 turns).

Orctaku the Grappler (Octopode Berserker)           Turns: 9041, Time: 00:13:55

Health: -6/108     AC:  1    Str: 20    XL:     11   Next: 24%
Magic:  11/11      EV: 13    Int: 11    God:    Trog [****..]
Gold:   499        SH:  0    Dex: 11    Spells: 10/10 levels left

rFire   + .          .
                       - Unarmed
rCold   + . .        (no shield)
rNeg    . . .        (helmet restricted)
rPois   .            (no amulet)
rElec   .            e - ring of protection from cold
rCorr   .            y - ring of protection from fire
SInv    .            (no ring)
Will    ++...        (no ring) Stlth
                     (no ring)
HPRegen 1.38/turn    (no ring)
MPRegen 0.12/turn    (no ring)
                     (no ring)

%: no passive effects
@: berserking (expiring), strong-willed, regenerating, very quick
A: almost no armour, amphibious, 8 rings, camouflage 1, gelatinous body 1,
(nimble swimmer 1), tentacles
a: Renounce Religion, Berserk, Trog's Hand, Brothers in Arms


You were on level 10 of the Dungeon.
You worshipped Trog.
Trog was greatly pleased with you.
You visited 2 branches of the dungeon, and saw 11 of its levels.

You collected 499 gold pieces.

Inventory:

Missiles
 q - 2 throwing nets
 t - 3 curare-tipped darts (quivered)
Jewellery
 e - a ring of protection from cold (left tentacle)
 y - a ring of protection from fire (right tentacle)
Talismans
 B - a flux talisman
Wands
 l - a wand of flame (18)
 m - a wand of mindburst (20)
 o - a wand of iceblast (9)
 r - a wand of charming (7)
 w - a wand of polymorph (12)
Scrolls
 a - 3 scrolls of fog {unknown}
 c - 3 scrolls of identify
 d - a scroll of silence {unknown}
 f - 2 scrolls of enchant weapon {unknown}
 g - 2 scrolls of amnesia {unknown}
 k - a scroll of brand weapon {unknown}
 n - a scroll of immolation
 v - a scroll of poison {unknown}
 A - a scroll of butterflies {unknown}
Potions
 b - 4 potions of might
 h - 10 potions of curing
 i - 3 potions of heal wounds
 j - a potion of ambrosia
 p - a potion of lignification
 s - a potion of brilliance
 u - a potion of attraction
 x - a potion of invisibility
 z - 2 potions of degeneration {unknown}


   Skills:
 + Level 5.4 Fighting
 + Level 0.4 Throwing
 + Level 5.8 Dodging
 + Level 8.4 Stealth
 * Level 13.6 Unarmed Combat
 * Level 4.9 Shapeshifting


You had 10 spell levels left.
You didn't know any spells.
Your spell library contained the following spells:

 Spells                   Type           Power      Damage    Failure   Level
 Foxfire                  Conj/Fire      0%         2x1d4     34%         1
 Ensorcelled Hibernation  Hex/Ice        0%         N/A       47%         2
 Static Discharge         Conj/Air       0%         3-3/arc   47%         2
 Dazzling Flash           Conj/Hex       0%         N/A       71%         3
 Fugue of the Fallen      Necr           0%         N/A       71%         3
 Passwall                 Erth           0%         N/A       71%         3
 Sigil of Binding         Hex            0%         N/A       71%         3
 Swiftness                Air            0%         N/A       71%         3
 Airstrike                Air            0%         2d(0-16)  98%         4
 Anguish                  Hex/Necr       0%         N/A       98%         4
 Summon Lightning Spire   Summ/Air       0%         N/A       98%         4
 Death Channel            Necr           0%         N/A       100%        6
 Plasma Beam              Fire/Air       0%         2x1d10    100%        6
 Sculpt Simulacrum        Ice/Alch       0%         N/A       100%        6
 Starburst                Conj/Fire      0%         6d3       100%        6
 Maxwell's Capacitive Co  Air            0%         ∞         100%        8


Dungeon Overview and Level Annotations

Branches:
Dungeon (10/15)            Temple (1/1) D:7
   Lair: D:8-11         Orc: D:9-12

Altars:
Ashenzari
Cheibriados
Dithmenos
Elyvilon
Fedhas
Gozag
Hepliaklqana
Kikubaaqudgha
Makhleb
Nemelex Xobeh
Okawaru
Qazlal
Ru
Sif Muna
Trog
Uskayaw
Vehumet
Wu Jian
Xom
Yredelemnul
Zin
The Shining One


Innate Abilities, Weirdness & Mutations

You cannot wear most types of armour.
You are amphibious.
You can wear up to eight rings at the same time.
Your skin changes colour to match your surroundings (Stealth+).
Your rubbery body absorbs attacks. (AC +1, EV +1)
((You are camouflaged when in or above water. (Stealth+)))
You have tentacles for arms and can constrict up to eight enemies at once.


Message History

The blast of flame hits you! You resist.
Unknown command.
Unknown command.
You feel sick.
You feel better.
A red film seems to cover your vision as you go berserk!
You feel yourself moving faster!
You feel mighty!
You barely miss the juvenile weirdfire beast.
You grab the juvenile weirdfire beast.
You constrict the juvenile weirdfire beast.
The juvenile weirdfire beast hits you! The juvenile weirdfire beast grabs you.
The juvenile weirdfire beast constricts you!!
You are too injured to fight recklessly!
You are too injured to fight recklessly!
You are too injured to fight recklessly!
You are too injured to fight recklessly!
You are too injured to fight recklessly!
You bludgeon the juvenile weirdfire beast!
You squeeze the juvenile weirdfire beast!
The juvenile weirdfire beast is heavily wounded.
You constrict the juvenile weirdfire beast.
The larval shocksting beast stings you from afar.
You bludgeon the juvenile weirdfire beast!
The juvenile weirdfire beast is almost dead.
You constrict the juvenile weirdfire beast.
The juvenile weirdfire beast breathes flames at you.
The blast of flame hits you! You resist.
* * * LOW HITPOINT WARNING * * *
The juvenile weirdfire beast constricts you!!
* * * LOW HITPOINT WARNING * * *
You tentacle-slap the juvenile weirdfire beast but do no damage.
You squeeze the juvenile weirdfire beast.
The juvenile weirdfire beast is almost dead.
You constrict the juvenile weirdfire beast.
You bludgeon the juvenile weirdfire beast!
You kill the juvenile weirdfire beast!
Trog accepts your kill.
The larval shocksting beast bursts into living lightning!
The living lightning hits you!
You die...

.......... #.#
.H#......##.#
.........#.## ##
#....)##.#
#.......# #
###....## #.
######H.## .. #..#
#.#.# ..#.#.###..#
#@# .#
.......<...###.#
..
#.#.#..........#
..
.>...####.)......#
## ....##
########## ###


You could see a larval shocksting beast.

Vanquished Creatures
  Erica (D:9)
  2 two-headed ogres
  Amaemon (D:9)
  An orange demon (D:9)
  A wyvern (D:8)
  14 yaks (D:9)
  A steam dragon (D:7)
  An orc warrior (D:8)
  2 sky beasts (D:6)
  An ogre (D:4)
  A centaur (D:6)
  A phantom (D:5)
  3 kobold brigands
  5 bullfrogs
  A gnoll sergeant (D:9)
  13 wights
  10 killer bees
  2 howler monkeys
  2 hounds
  4 orc priests
  Crazy Yiuf (D:5)
  5 iguanas
  7 orc wizards
  Terence (D:3)
  2 mutant beasts (D:10)
  10 gnolls
  8 adders
  2 shadow imps
  2 white imps
  3 dart slugs
  3 ribbon worms
  26 orcs
  5 endoplasms
  2 giant cockroaches (D:3)
  6 goblins
  11 hobgoblins
  9 jackals
  3 quokkas
  8 ball pythons
  5 bats
  2 frilled lizards
  16 kobolds
  8 rats
212 creatures vanquished.

Vanquished Creatures (others)
  A mutant beast (D:10)
1 creature vanquished.

Grand Total: 213 creatures vanquished

Notes
Turn   | Place    | Note
-------+----------+-------------------------------------------
     0 | D:1      | Orctaku the Octopode Berserker began the quest for the Orb.
     0 | D:1      | Reached XP level 1. HP: 16/16 MP: 1/1
    98 | D:1      | Reached XP level 2. HP: 21/21 MP: 2/2
   480 | D:1      | Reached ** piety under Trog
   481 | D:1      | Reached XP level 3. HP: 26/26 MP: 3/3
   669 | D:2      | Reached skill level 1 in Stealth
   824 | D:2      | You fall into a shaft and drop 1 floor!
   872 | D:3      | Reached skill level 4 in Unarmed Combat
   892 | D:3      | Reached XP level 4. HP: 29/31 MP: 4/4
  1271 | D:2      | Reached XP level 5. HP: 36/36 MP: 5/5
  1340 | D:3      | Noticed Terence
  1352 | D:3      | Found a burning altar of Makhleb.
  1550 | D:3      | Killed Terence
  1662 | D:3      | Noticed a kobold brigand
  1675 | D:3      | Killed a kobold brigand
  1676 | D:3      | Reached skill level 5 in Unarmed Combat
  1676 | D:3      | Reached XP level 6. HP: 23/42 MP: 6/6
  1846 | D:3      | Reached *** piety under Trog
  2420 | D:4      | Reached skill level 6 in Unarmed Combat
  2654 | D:5      | Entered Level 5 of the Dungeon
  2725 | D:5      | Reached XP level 7. HP: 47/47 MP: 7/7
  2971 | D:5      | Reached skill level 7 in Unarmed Combat
  2971 | D:5      | Reached skill level 1 in Shapeshifting
  3092 | D:5      | Reached XP level 8. HP: 37/54 MP: 8/8
  3691 | D:5      | Found a runed translucent door.
  3692 | D:5      | Noticed Crazy Yiuf
  3700 | D:5      | Killed Crazy Yiuf
  3701 | D:5      | Reached skill level 8 in Unarmed Combat
  3898 | D:6      | Reached skill level 5 in Stealth
  4672 | D:7      | Reached skill level 9 in Unarmed Combat
  4672 | D:7      | Reached XP level 9. HP: 25/58 MP: 9/9
  4841 | D:7      | Identified the +1 leather armour "Zilair" {Harm rElec rN+
                  | rCorr Slay-6}
  4917 | D:7      | Reached **** piety under Trog
  5397 | D:7      | Found a staircase to the Ecumenical Temple.
  5407 | Temple   | Entered the Ecumenical Temple
  6128 | D:8      | Noticed a two-headed ogre
  6136 | D:8      | Killed a two-headed ogre
  6137 | D:8      | Reached skill level 10 in Unarmed Combat
  6302 | D:8      | Reached skill level 5 in Dodging
  6309 | D:8      | Identified the +1 ring mail of Broken Taboos {MP+9}
  6436 | D:8      | Reached XP level 10. HP: 59/65 MP: 10/10
  6872 | D:8      | Reached skill level 11 in Unarmed Combat
  7067 | D:9      | Noticed Amaemon
  7067 | D:9      | Noticed an orange demon
  7403 | D:9      | Reached skill level 5 in Fighting
  7545 | D:9      | Reached skill level 12 in Unarmed Combat
  7680 | D:9      | Noticed Erica
  7689 | D:9      | Killed Erica
  7817 | D:9      | Noticed a two-headed ogre
  7840 | D:9      | Killed a two-headed ogre
  7906 | D:9      | Killed Amaemon
  7907 | D:9      | Reached skill level 13 in Unarmed Combat
  7907 | D:9      | Reached XP level 11. HP: 72/72 MP: 11/11
  8746 | D:9      | Found a hide-covered altar of Uskayaw.
  8747 | D:9      | Found a sacrificial altar of Ru.
  8997 | D:9      | Found an opulent altar of Gozag.
  9008 | D:10     | Entered Level 10 of the Dungeon
  9021 | D:10     | Noticed a juvenile weirdfire beast
  9041 | D:10     | Killed a juvenile weirdfire beast
  9041 | D:10     | Killed from afar by a larval shocksting beast

Illustrated notes

Levels and vault maps discovered:
D:1:      spicycebolla_arrival_ecumenical, layout_rooms, minmay_tall_x
D:2:      layout_loops_cross
D:3:      cheibrodos_thug_alley, layout_loops_ring, bloody_makhleb,
          amethyst_killhole, minivault_11, uniq_terence
D:4:      layout_rooms
D:5:      layout_loops_ring, uniq_crazy_yiuf_cottage
D:6:      layout_loops_ring
D:7:      layout_basic, minmay_temple_entry_ruins
D:8:      layout_basic
D:9:      layout_loops_corners, nicolae_overflow_hidden_temple, uniq_erica,
          uniq_amaemon
D:10:     layout_loops_ring, grunt_lair_entry_orc_guard_hut, orc_0_dummy,
          nicolae_custom_books, nicolae_beast_mode, uniq_snorg
Temple:   nicolae_temple_bog_church

Skill      XL: |  1  2  3  4  5  6  7  8  9 10 |
---------------+-------------------------------+-----
Stealth        | 1 2 3 4 6 7 8 |  8.4
Unarmed Combat | 4 5 6 7 9 10 13 | 13.6
Shapeshifting  | 1 2 3 4 |  4.9
Fighting       | 4 5 |  5.4
Dodging        | 4 5 |  5.8
Throwing       | |  0.4

Action                     |  1- 3 |  4- 6 |  7- 9 | 10-12 || total
---------------------------+-------+-------+-------+-------++-------
  Melee: Unarmed           |    64 |   106 |   191 |   127 ||   488
         Constrict         |    21 |    24 |    40 |    19 ||   104
         Tentacles         |    18 |    17 |    38 |    29 ||   102
         Punch             |     1 |     7 |     7 |     9 ||    24
  Throw: Dart              |       |       |       |     3 ||     3
         Throwing net      |       |       |       |     1 ||     1
 Invoke: Berserk           |       |     4 |    10 |     8 ||    22
         Trog's Hand       |       |       |       |     2 ||     2
    Use: Scroll            |       |     4 |     4 |       ||     8
         Potion            |       |       |     1 |     2 ||     3
   Stab: Sleeping          |     8 |     9 |    10 |     1 ||    28
         Invisible         |       |       |     3 |       ||     3
 Armour: Skin              |    25 |    33 |    84 |    67 ||   209
  Dodge: Dodged            |    37 |    61 |    97 |    64 ||   259

Table legend: (Time is in decaauts)
 A = Elapsed time spent in this place.
 B = Non-inter-level travel time spent in this place.
 C = Inter-level travel time spent in this place.
 D = Time resting spent in this place.
 E = Time spent auto-exploring this place.
 F = Levels seen in this place.
 G = Mean time per level.
                   A        B        C        D        E       F      G
               +--------+--------+--------+--------+--------+-----+--------+
         Total |   9164 |   8926 |    238 |    658 |   6918 |  11 |  833.1 |
       Dungeon |   9154 |   8922 |    232 |    658 |   6918 |  10 |  915.4 |
        Temple |      9 |      4 |      5 |      0 |      0 |   1 |    9.0 |
               +--------+--------+--------+--------+--------+-----+--------+

Top non-repeatable levels by time:
     D:9: 1885 daAuts
     D:8: 1263 daAuts
     D:7: 1257 daAuts
     D:5: 1138 daAuts
     D:3: 1049 daAuts
     D:6: 893 daAuts
     D:2: 656 daAuts
     D:1: 526 daAuts
     D:4: 453 daAuts
    D:10: 29 daAuts
  Temple: 9 daAuts
